Map: [ESL] Ancient Cistern

Players

Solar - Winner!

  • Race: Zerg Zerg
  • League: Master
  • Spawn Location: 1:00

Clem

  • Race: Terran Terran
  • League: Grandmaster
  • Spawn Location: 7:00

Event: HomeStory Cup XXIII

VOD

Have the link to the VOD?

Description

Time

  • Played on: July 2, 2023, 10:22 a.m.
  • Length: 17:57

All games in this series

Show
View Real Time Build Order
Export as new Build Order

Solar Zerg - Winner!

Build Orders: Hatch First 

Get SALT Encoding   

  12  0:00  Drone  
  13  0:12  Overlord  
  13  0:17  Drone  
  14  0:30  Drone x2  
  16  0:47  Hatchery  
  15  0:50  Drone  
  15  0:54  Drone  
  17  0:57  Drone  
  18  1:08  Extractor  
  17  1:12  Spawning Pool  
  17  1:15  Drone  
  17  1:18  Drone  
  18  1:28  Drone  
  19  1:39  Drone  
  20  1:49  Drone  
  21  1:59  Queen x2  
  21  2:00  Zergling x4  
  27  2:13  Overlord  
  27  2:14  Drone  
  28  2:19  Hatchery  
  28  2:22  Drone  
  28  2:32  Drone  
  28  2:36  Queen  
  28  2:43  Drone  
  31  2:45  Metabolic Boost  
  31  2:46  Overlord  
  31  2:52  Drone x2  
  31  2:55  Drone  
  34  2:59  Drone  
  34  3:05  Drone  
  36  3:08  Drone  
  36  3:09  Drone x2  
  36  3:12  Queen  
  39  3:17  Overlord  
  39  3:18  Drone  
  43  3:27  Drone  
  43  3:30  Queen  
  43  3:31  Queen  
  47  3:34  Drone  
  47  3:36  Overlord  
  47  3:39  Zergling x2  
  47  3:40  Zergling x2  
  50  3:42  Zergling x2  
  48  3:48  Drone x3  
  48  3:51  Drone  
  48  3:54  Drone  
  52  3:57  Drone  
  52  3:59  Drone  
  52  4:00  Drone  
  55  4:03  Drone  
  55  4:05  Drone x2  
  58  4:11  Queen  
  58  4:16  Queen  
  62  4:18  Overlord  
  62  4:21  Zergling x4  
  62  4:23  Zergling x4  
  66  4:30  Spore Crawler  
  65  4:33  Drone  
  65  4:34  Overlord  
  65  4:38  Drone x2  
  68  4:41  Drone x4  
  68  4:44  Overlord  
  72  4:47  Extractor  
  69  4:52  Zergling x2  
  69  4:53  Zergling x6  
  69  4:54  Zergling x2  
  69  4:57  Evolution Chamber  
  72  5:03  Zergling x10  
  72  5:06  Drone  
  74  5:11  Drone x3  
  77  5:16  Drone  
  77  5:19  Evolution Chamber  
  77  5:20  Evolution Chamber  
  77  5:21  Drone  
  77  5:23  Drone  
  77  5:25  Drone  
  79  5:31  Drone  
  79  5:32  Overlord  
  79  5:35  Overlord  
  80  5:36  Overlord  
  80  5:37  Drone  
  81  5:43  Overlord  
  81  5:47  Zerg Ground Armor Level 1  
  81  5:48  Zerg Melee Weapons Level 1  
  81  5:49  Drone  
  82  5:51  Drone x2  
  82  5:53  Drone x2  
  82  5:55  Hatchery  
  85  5:57  Extractor, Lair  
  85  5:59  Drone  
  85  6:02  Baneling Nest  
  85  6:03  Extractor  
  85  6:04  Drone x2  
  85  6:05  Drone  
  85  6:08  Drone x2  
  85  6:09  Drone  
  85  6:10  Drone  
  90  6:11  Drone  
  90  6:12  Drone  
  90  6:15  Drone  
  90  6:17  Zergling x2  
  90  6:18  Zergling x6  
  97  6:19  Extractor  
  97  6:20  Drone  
  97  6:21  Zergling x4  
  97  6:22  Zergling x2  
  97  6:23  Zergling x2  
  101  6:26  Overlord  
  101  6:27  Drone  
  101  6:31  Drone  
  103  6:38  Drone, Overlord  
  103  6:42  Zergling x2  
  103  6:46  Zergling x6  
  107  6:47  Baneling x7  
  107  6:48  Baneling x3  
  107  6:50  Drone  
  107  6:51  Drone x2, Zergling x2  
  111  6:56  Drone x2  
  111  6:57  Centrifugal Hooks  
  111  7:01  Hydralisk Den  
  112  7:02  Overlord  
  112  7:06  Baneling x2  
  112  7:07  Queen  
  112  7:08  Drone x6  
  120  7:09  Baneling x2  
  120  7:11  Overseer  
  120  7:13  Zergling x2  
  120  7:14  Overlord  
  121  7:16  Zergling x6  
  121  7:21  Zergling x10  
  129  7:27  Zergling x2  
  129  7:29  Zergling x6  
  133  7:32  Hatchery  
  133  7:36  Zergling x8  
  135  7:46  Extractor, Drone x2, Muscular Augments  
  135  7:47  Zergling x14  
  135  7:50  Hatchery  
  142  7:53  Pneumatized Carapace  
  142  7:54  Overlord x3  
  142  7:56  Zerg Melee Weapons Level 2  
  142  8:01  Zerg Ground Armor Level 2  
  142  8:03  Baneling x2  
  142  8:04  Zergling x4  
  143  8:06  Zergling x4  
  143  8:10  Drone x2  
  143  8:11  Zergling x2  
  143  8:12  Zergling x2  
  144  8:13  Overlord  
  144  8:19  Zergling x8  
  148  8:20  Zergling x4  
  141  8:27  Drone x2  
  141  8:28  Drone x4  
  141  8:29  Hydralisk x3  
  141  8:30  Extractor  
  141  8:31  Baneling  
  141  8:32  Baneling x6, Infestation Pit  
  151  8:35  Baneling x2  
  151  8:38  Baneling x2  
  151  8:39  Zergling x8  
  151  8:40  Drone  
  156  8:41  Overlord  
  156  8:48  Zergling x2  
  156  8:49  Overseer  
  156  8:52  Hydralisk x2  
  156  8:53  Baneling x3  
  159  8:58  Grooved Spines  
  159  9:01  Zergling x24  
  165  9:06  Hydralisk x2  
  165  9:08  Drone, Baneling x2, Hive  
  165  9:09  Drone  
  169  9:13  Zergling x12  
  174  9:21  Zergling x4  
  173  9:27  Zergling x8  
  169  9:31  Zergling x6  
  169  9:32  Baneling x4  
  169  9:34  Hydralisk x2  
  169  9:38  Zergling x10  
  177  9:43  Zergling x8  
  171  9:45  Hydralisk x2  
  174  9:54  Drone x3, Lurker Den  
  174  9:57  Hatchery  
  174  9:59  Overlord  
  173  10:00  Zergling x2  
  173  10:01  Zergling x12  
  173  10:02  Baneling x3  
  173  10:06  Drone  
  172  10:14  Hatchery, Zergling x8  
  165  10:22  Zergling x12  
  165  10:23  Viper x2  
  165  10:28  Zergling x6  
  180  10:30  Overseer  
  180  10:35  Baneling x3  
  178  10:36  Zergling x6  
  178  10:39  Adrenal Glands  
  178  10:40  Zerg Missile Weapons Level 1, Zerg Ground Armor Level 3  
  181  10:43  Zergling x6  
  181  10:46  Hydralisk  
  186  10:51  Baneling  
  186  10:52  Baneling  
  186  10:53  Drone x7  
  178  10:59  Hydralisk x3  
  178  11:00  Zergling x12  
  185  11:05  Hatchery  
  185  11:06  Hatchery  
  185  11:07  Drone x3  
  187  11:15  Zergling x4  
  186  11:20  Baneling x10  
  186  11:24  Zergling x28  
  198  11:27  Zergling x2  
  194  11:36  Hydralisk x2  
  193  11:40  Zergling x8  
  193  11:44  Baneling x3  
  193  11:47  Seismic Spines  
  196  11:48  Overlord  
  196  11:50  Drone  
  196  11:51  Zergling x2  
  196  11:52  Overlord  
  198  11:56  Overlord  
  198  11:58  Baneling x8  
  198  12:00  Zergling x6  
  198  12:06  Zergling x8  
  199  12:15  Zergling x10  
  198  12:29  Overseer  
  198  12:30  Drone x2  
  200  12:37  Baneling x8  
  200  12:41  Overseer  
  195  12:47  Zergling x30  
  195  12:48  Zerg Melee Weapons Level 3  
  196  12:59  Hatchery, Zergling x10  
  196  13:03  Zergling x4  
  196  13:04  Zergling x12  
  199  13:08  Zergling x8  
  199  13:10  Hydralisk x2  
  197  13:17  Baneling x8, Zerg Missile Weapons Level 2  
  197  13:22  Zergling x4  
  197  13:23  Baneling x11, Overseer  
  197  13:25  Hatchery  
  197  13:26  Adaptive Talons  
  198  13:27  Zergling x2  
  198  13:33  Zergling x32  
  194  13:41  Zergling x2  
  194  13:42  Zergling x4  
  194  13:48  Zergling x6  
  188  13:57  Hydralisk x2  
  188  14:00  Zergling x28  
  196  14:03  Zergling x2, Baneling  
  196  14:04  Baneling x3  
  196  14:08  Zergling x12  
  200  14:22  Zergling x20  
  197  14:25  Hydralisk x2, Hatchery  
  197  14:28  Zergling x2  
  198  14:43  Zergling x28  
  200  14:48  Zergling x2  
  200  14:49  Zergling x4  
  195  14:56  Zergling x12  
  200  15:00  Burrow  
  200  15:05  Drone  
  196  15:16  Zergling x2  
  196  15:17  Zergling x6  
  195  15:21  Hydralisk x3  
  195  15:22  Zergling x6  
  190  15:29  Zergling x18  
  190  15:30  Zergling x6  
  190  15:33  Hydralisk x6  
  200  15:38  Baneling x7  
  200  15:42  Baneling x6  
  189  15:50  Zergling x2  
  189  15:51  Zergling x8  
  189  15:52  Zergling x4  
  189  15:55  Lurker x8  
  189  15:56  Lurker x8  
  199  15:58  Infestor x3  
  199  16:03  Zergling x14  
  199  16:12  Baneling x10  
  199  16:14  Baneling  
  199  16:15  Baneling  
  199  16:35  Zergling x10  
  199  16:38  Hatchery  
  198  16:43  Zergling x6  
  198  16:46  Zergling x2  
  200  16:50  Zergling x2  
  191  16:56  Zergling x22  
  198  17:03  Overseer  
  198  17:04  Hydralisk  
  198  17:06  Zergling x2  
  198  17:07  Infestor  
  200  17:11  Zergling x2  
  200  17:12  Zergling x2  
  200  17:13  Zergling x2  
  200  17:14  Zergling x8  
  199  17:16  Zergling x8  
  199  17:17  Zergling x6  
  199  17:22  Zergling x4  
  191  17:23  Zergling x16  
  191  17:29  Hydralisk x3  
  194  17:30  Zergling x2  
  194  17:34  Zergling x12  
Show
View Real Time Build Order
Export as new Build Order

Clem Terran 

Build Orders: Gas First Reaper Expand, Liberator Opening 

Get SALT Encoding   

  12  0:00  SCV  
  13  0:12  SCV  
  14  0:17  Supply Depot  
  14  0:24  SCV  
  15  0:29  Refinery  
  15  0:38  SCV  
  16  0:44  Barracks  
  16  0:50  SCV  
  17  1:02  SCV  
  18  1:15  SCV  
  19  1:30  Orbital Command  
  19  1:31  Reaper  
  20  1:42  Command Center  
  20  1:49  Supply Depot  
  20  1:56  SCV  
  21  2:05  Factory  
  21  2:07  Barracks Reactor  
  21  2:11  SCV  
  22  2:20  Refinery  
  22  2:23  SCV  
  23  2:36  SCV  
  24  2:49  Starport  
  24  2:51  SCV  
  25  2:54  Hellion x2  
  25  2:55  Orbital Command  
  29  3:00  Marine  
  29  3:03  SCV  
  31  3:15  SCV  
  31  3:16  Hellion x2  
  31  3:18  Barracks Tech Lab  
  37  3:27  SCV  
  37  3:29  Supply Depot  
  37  3:30  Liberator  
  37  3:32  SCV  
  41  3:39  Hellion, SCV  
  44  3:42  Hellion  
  46  3:51  SCV x2  
  43  3:56  Stimpack  
  43  4:00  Hellion  
  45  4:03  SCV x2  
  45  4:04  Hellion  
  45  4:08  Supply Depot  
  49  4:15  SCV  
  49  4:16  SCV  
  51  4:26  Command Center  
  51  4:27  SCV  
  51  4:28  SCV  
  51  4:31  Marine  
  54  4:39  Factory Reactor  
  54  4:42  Barracks, SCV x2  
  54  4:44  Barracks  
  56  4:48  Marine  
  57  4:54  SCV  
  57  4:56  SCV  
  59  5:04  Engineering Bay, Refinery  
  59  5:05  Refinery  
  59  5:06  Marine, Supply Depot, Engineering Bay  
  57  5:09  SCV  
  57  5:10  SCV  
  59  5:20  Factory Reactor  
  59  5:21  SCV  
  60  5:22  SCV  
  60  5:24  Marine  
  62  5:32  Terran Infantry Weapons Level 1, Marine x2, Terran Infantry Armor Level 1  
  62  5:34  SCV  
  62  5:35  SCV  
  66  5:36  Combat Shield  
  66  5:40  Supply Depot  
  66  5:41  Supply Depot  
  66  5:42  Marine x2  
  66  5:43  Marine  
  66  5:46  SCV  
  66  5:47  SCV  
  71  5:50  Marine  
  71  5:54  Armory, Marine  
  73  5:58  SCV  
  73  5:59  SCV, Medivac  
  73  6:00  Medivac  
  73  6:02  Factory Reactor  
  73  6:03  Supply Depot  
  73  6:04  Orbital Command  
  79  6:05  Marine  
  79  6:07  Marine  
  79  6:08  Marine  
  79  6:11  SCV  
  83  6:12  SCV  
  83  6:15  Marine  
  83  6:16  Supply Depot  
  85  6:19  Marine  
  85  6:23  Barracks  
  85  6:24  SCV  
  87  6:26  SCV, Marine  
  87  6:27  Marine x2  
  87  6:32  SCV  
  92  6:33  Marine  
  92  6:36  SCV  
  92  6:37  Marine  
  95  6:40  Barracks, Supply Depot  
  95  6:42  SCV  
  95  6:44  Marine, SCV  
  102  6:47  Widow Mine x2  
  102  6:48  Hellion x6  
  102  6:49  Marine x2  
  102  6:51  Supply Depot  
  102  6:52  SCV  
  102  6:53  Marine  
  106  6:55  SCV, Marine  
  106  6:56  SCV  
  109  7:02  Marine  
  109  7:03  Medivac x2  
  109  7:04  SCV  
  109  7:06  Marine  
  109  7:07  SCV, Supply Depot  
  117  7:10  Barracks Reactor  
  117  7:12  Marine x2, SCV  
  117  7:15  Factory  
  120  7:16  Refinery  
  120  7:18  Widow Mine x2  
  120  7:21  Supply Depot  
  124  7:24  Marine  
  124  7:29  Marine, Factory  
  125  7:31  SCV  
  125  7:33  SCV  
  125  7:34  SCV  
  125  7:36  Supply Depot  
  128  7:40  Widow Mine x2  
  128  7:41  Terran Infantry Weapons Level 2, Marine, Terran Infantry Armor Level 2  
  133  7:45  Supply Depot  
  133  7:47  Marine  
  133  7:48  Supply Depot  
  133  7:49  Marine  
  133  7:50  Marine  
  136  7:57  Barracks Tech Lab  
  136  7:59  Barracks Reactor  
  136  8:00  Marine  
  136  8:03  Command Center  
  136  8:04  Medivac, Supply Depot  
  139  8:10  Widow Mine  
  139  8:11  Widow Mine  
  140  8:19  Marine  
  143  8:22  Marine x3  
  143  8:23  Marine x2  
  143  8:24  Factory Tech Lab  
  146  8:28  Marine, Supply Depot  
  147  8:38  Widow Mine x2, Marine x3, Supply Depot  
  147  8:39  Barracks  
  147  8:40  Barracks x2, Marine x2  
  156  8:41  Marine  
  156  8:42  Marine  
  156  8:44  Medivac  
  156  8:45  Widow Mine  
  162  8:49  Drilling Claws  
  162  8:54  Medivac  
  164  8:57  Marine  
  164  8:59  Widow Mine x2  
  164  9:02  Marine x6  
  168  9:05  Marine  
  168  9:06  Marine  
  168  9:07  Widow Mine  
  176  9:13  Supply Depot  
  176  9:15  Marine  
  171  9:20  Marine x4  
  171  9:21  Widow Mine  
  171  9:22  Widow Mine  
  167  9:24  Marine x2  
  167  9:28  Widow Mine, Medivac  
  163  9:31  Marine  
  163  9:32  Marine  
  163  9:34  Barracks Tech Lab x3  
  163  9:37  SCV  
  164  9:39  Terran Vehicle And Ship Armor Level 1  
  164  9:42  Widow Mine  
  164  9:45  Marine x5  
  160  9:47  Medivac  
  160  9:48  Widow Mine, Marine  
  160  9:49  Marine  
  160  9:50  Marauder  
  160  9:51  Marine  
  160  9:52  Marine  
  167  9:53  Marauder  
  167  9:54  Marine  
  167  9:57  Widow Mine  
  172  10:02  Marine  
  172  10:03  Widow Mine  
  172  10:04  Marine  
  176  10:08  Marine, Medivac  
  176  10:10  Marauder, Planetary Fortress  
  176  10:11  Marauder  
  176  10:12  Marauder  
  176  10:13  SCV x2  
  186  10:14  Marine x3  
  186  10:20  Widow Mine  
  186  10:21  Marauder  
  184  10:23  Marine  
  184  10:26  Marine x2  
  184  10:27  Widow Mine, Marine x2  
  189  10:29  SCV  
  189  10:31  SCV, Marauder  
  189  10:35  Terran Infantry Weapons Level 3  
  191  10:39  Medivac  
  191  10:41  Widow Mine  
  191  10:51  Widow Mine  
  191  10:54  Medivac  
  191  10:56  Widow Mine  
  192  10:59  Marine  
  192  11:00  Marine x2  
  192  11:02  Marine  
  192  11:03  Widow Mine  
  196  11:07  Marine  
  196  11:09  Marauder x2, Marine  
  198  11:11  SCV x2, Refinery  
  198  11:12  Command Center, Refinery  
  198  11:17  Widow Mine, Marine, Medivac  
  200  11:21  Marine  
  197  11:27  Marauder  
  197  11:29  Widow Mine  
  197  11:31  Marauder  
  196  11:36  Widow Mine  
  196  11:37  Marauder  
  196  11:39  Marine  
  197  11:42  Marauder  
  199  11:47  Marine, Ghost Academy  
  199  11:49  Command Center  
  198  12:01  Marine  
  196  12:08  Sensor Tower  
  196  12:11  Widow Mine  
  196  12:12  Command Center  
  198  12:16  Command Center  
  198  12:17  Sensor Tower  
  198  12:18  Command Center  
  198  12:19  Ghost x2  
  198  12:20  Widow Mine  
  191  12:24  Liberator x2  
  191  12:29  Widow Mine  
  194  12:34  Widow Mine, Ghost x2  
  200  12:48  Ghost  
  194  12:53  Widow Mine  
  193  13:00  Widow Mine  
  193  13:04  Widow Mine  
  193  13:05  Ghost x2  
  188  13:06  Marine  
  188  13:07  Medivac x2, Concussive Shells  
  188  13:10  Missile Turret, Sensor Tower  
  188  13:12  Ghost  
  184  13:15  Widow Mine  
  184  13:16  Ghost  
  184  13:17  Planetary Fortress  
  184  13:19  Marine  
  190  13:20  Marine  
  190  13:21  Widow Mine  
  190  13:23  Marine  
  190  13:24  Marine  
  190  13:25  Widow Mine  
  190  13:26  Marine  
  199  13:27  Marine  
  183  13:36  Widow Mine  
  183  13:37  Medivac  
  183  13:38  Medivac  
  183  13:39  Marine x4  
  187  13:43  Widow Mine  
  187  13:46  Widow Mine, Orbital Command  
  180  13:57  Widow Mine  
  180  13:58  Marine x2  
  180  13:59  Marine x3  
  180  14:00  Marine  
  170  14:04  Widow Mine, Marine x4  
  170  14:07  Medivac  
  170  14:08  Widow Mine, Medivac  
  182  14:19  Widow Mine  
  182  14:24  Terran Infantry Armor Level 3  
  179  14:25  Widow Mine  
  179  14:26  Personal Cloaking  
  179  14:29  Widow Mine  
  177  14:32  Missile Turret  
  177  14:33  Marauder x4, Marine x3  
  177  14:34  Marine  
  177  14:36  Medivac  
  177  14:37  Marine  
  192  14:38  Medivac  
  192  14:39  Marine  
  192  14:40  Widow Mine  
  192  14:45  Marine  
  169  14:46  Marine  
  169  14:47  Widow Mine  
  170  14:56  Widow Mine, Marine x2  
  176  15:00  Marauder x4, Marine x4  
  176  15:02  Widow Mine  
  176  15:06  Medivac  
  190  15:13  Marine  
  191  15:17  Widow Mine  
  191  15:20  Ghost  
  188  15:21  Marauder  
  188  15:23  Widow Mine  
  188  15:24  Marine, Marauder  
  185  15:31  Widow Mine  
  185  15:32  Marine x2  
  189  15:40  Medivac  
  189  15:41  Planetary Fortress  
  191  15:44  Widow Mine, Marine  
  191  15:45  Marine, Marauder  
  193  15:50  Widow Mine  
  186  15:59  Widow Mine, Marine  
  186  16:00  Marine  
  190  16:09  Planetary Fortress  
  190  16:10  Sensor Tower  
  190  16:12  Widow Mine x2  
  190  16:13  Ghost  
  190  16:14  Ghost  
  190  16:16  Marine x2  
  200  16:21  Ghost  
  200  16:25  Refinery  
  194  16:29  Refinery  
  191  16:36  Widow Mine, Ghost  
  188  16:42  Ghost  
  188  16:43  Widow Mine  
  192  16:47  Missile Turret  
  192  16:49  Widow Mine  
  182  16:54  Ghost  
  172  17:05  Widow Mine, Ghost  
  172  17:07  Marine x4  
  172  17:08  Marine  
  164  17:09  Marine x3  
  165  17:18  Widow Mine, Marine  
  155  17:24  Widow Mine  
  155  17:25  Medivac  
  156  17:32  Widow Mine  
  156  17:33  Marine  
  156  17:34  Marine x2  
  156  17:36  Marine x2  
  156  17:37  Marine x2  
  163  17:43  Command Center  
  168  17:44  Refinery  
Tags
 
Add a new tag
Caveats
  • Supply blocks, unpowered buildings, or Contaminate may cause inaccurate times.
  • Supply counts are checked every 10 seconds.